Columbus Blue Jackets vs Toronto Maple Leafs

Created - lundi 19 novembre 2018 at 19:00

Goals
1 2 3 T
Columbus Blue Jackets 0 2 3 5
Toronto Maple Leafs 0 0 3 3
Shots
1 2 3 T
Columbus Blue Jackets 8 7 15 30
Toronto Maple Leafs 4 10 10 24

1st period

No Goal

Penalties :
David Backes (TOR) for Cross-checking (Minor) at 2:19

2nd period

1. Columbus Blue Jackets , David Krejci 4 (Artemi Panarin 8) at 9:44 (PP)
2. Columbus Blue Jackets , Boone Jenner 6 (Christopher Tanev 3) at 14:31

Penalties :
Alexander Edler (TOR) for Diving (Minor) at 4:15, James van Riemsdyk (TOR) for Holding Stick (Minor) at 9:41, Mitchell Marner (TOR) for Tripping (Minor) at 16:09

3rd period

3. Toronto Maple Leafs , Nazem Kadri 6 (David Backes 1) at 2:44
4. Toronto Maple Leafs , Auston Matthews 13 (Mitchell Marner 11, James van Riemsdyk 7) at 2:50
5. Columbus Blue Jackets , Jamie Benn 10 (Alexander Wennberg 6) at 7:44 (PP)
6. Toronto Maple Leafs , Zach Hyman 5 (Nazem Kadri 12, Nick Leddy 2) at 8:19
7. Columbus Blue Jackets , Kevin Hayes 4 (Alexander Wennberg 7, Christopher Tanev 4) at 9:04
8. Columbus Blue Jackets , Boone Jenner 7 (Kevin Hayes 6, Frederik Gauthier 1) at 19:52 (Empty Net)

Penalties :
Tyler Bozak (TOR) for High sticking (Minor) at 5:27, Alexander Edler (TOR) for Unsportsmanlike conduct (Minor) at 7:40, David Backes (TOR) for Charging (Minor) at 9:11, James van Riemsdyk (TOR) for Hooking (Minor) at 16:43

Goalie Stats

Sergei Bobrovsky (CBJ), 21 saves from 24 shots - (0.875), W, 9-7-4, 60:00 minutes
Craig Anderson (TOR), 25 saves from 29 shots - (0.862), L, 8-7-2, 59:50 minutes

Players Stats for Columbus Blue Jackets

Player Name              G  A  P  +/- PIM S  H  SB GA TA FO     MP     PP MP  PK MP  
------------------------------------------------------------------------------------
Alexander Wennberg       0  2  2   1  0   5  2  0  0  0  13/18  19:16   5:48   0:00 
Antoine Vermette         0  0  0   1  0   0  4  0  0  0  2/6    11:06   0:00   0:00 
Artemi Panarin           0  1  1   1  0   4  3  0  1  1  0/0    19:27   6:03   0:00 
Boone Jenner             2  0  2   2  0   4  4  0  1  0  0/1    13:00   0:00   0:00 
Christopher Tanev        0  2  2   1  0   1  1  1  0  0  0/0    19:20   0:00   0:00 
David Krejci             1  0  1  -2  0   1  0  0  1  0  14/21  18:55   6:03   0:00 
Devante Smith-Pelly      0  0  0  -1  0   2  1  0  1  0  0/1    14:29   5:27   0:00 
Frederik Gauthier        0  1  1   0  0   0  0  0  0  0  4/7    10:36   0:00   0:00 
Jack Johnson             0  0  0   1  0   0  1  0  0  1  0/0    17:48   5:26   0:00 
Jamie Benn               1  0  1  -2  0   1  0  0  1  1  0/0    18:43   5:58   0:00 
Justin Braun             0  0  0  -2  0   1  2  0  0  0  0/0    22:27   6:35   0:00 
Kevin Hayes              1  1  2   2  0   7  0  0  0  0  0/1    16:07   0:10   0:00 
Lukas Sedlak             0  0  0  -1  0   1  1  0  1  0  0/0     9:28   0:00   0:00 
Markus Nutivaara         0  0  0  -2  0   1  1  0  0  2  0/0    22:43   6:35   0:00 
Ryan Murray              0  0  0   0  0   0  1  0  1  1  0/0    23:01   5:26   0:00 
Stefan Noesen            0  0  0   1  0   2  2  0  1  0  0/0    15:14   5:18   0:00 
Tim Heed                 0  0  0   2  0   0  2  3  0  1  0/0    14:08   0:00   0:00 
Vinnie Hinostroza        0  0  0  -2  0   0  1  0  1  0  0/0    14:12   1:16   0:00 

Players Stats for Toronto Maple Leafs

Player Name              G  A  P  +/- PIM S  H  SB GA TA FO     MP     PP MP  PK MP  
------------------------------------------------------------------------------------
Alexander Edler          0  0  0   0  4   1  1  0  1  2  0/0    22:31   0:00   5:33 
Auston Matthews          1  0  1  -1  0   6  3  0  0  0  10/26  20:23   0:00   4:44 
Brandon Tanev            0  0  0   0  0   0  3  0  3  0  0/0    13:20   0:00   6:03 
Connor Brown             0  0  0   0  0   1  0  0  0  0  0/0     7:28   0:00   0:00 
David Backes             0  1  1   2  4   2  2  0  0  0  0/0    15:15   0:00   0:01 
James van Riemsdyk       0  1  1   0  4   0  3  0  1  0  1/2    17:45   0:00   0:46 
Leo Komarov              0  0  0  -1  0   1  2  1  0  1  0/0    14:37   0:00   5:02 
Matt Hunwick             0  0  0  -1  0   0  2  2  0  2  0/0    20:54   0:00   5:40 
Matt Stajan              0  0  0   0  0   0  2  0  0  0  1/2    10:07   0:00   1:35 
Mitchell Marner          0  1  1  -1  2   3  4  0  0  0  1/1    15:38   0:00   0:00 
Morgan Rielly            0  0  0  -1  0   2  1  0  1  2  0/0    19:33   0:00   1:00 
Nazem Kadri              1  1  2   1  0   2  2  1  0  0  2/10   14:27   0:00   0:00 
Nick Leddy               0  1  1   2  0   0  0  1  0  1  0/0    15:00   0:00   0:00 
Patrik Nemeth            0  0  0   2  0   2  3  0  0  1  0/0    21:19   0:00   6:25 
Ron Hainsey              0  0  0  -1  0   0  1  3  0  0  0/0    20:46   0:00   5:24 
Tyler Bozak              0  0  0  -1  2   1  3  0  1  0  2/4     9:16   0:00   0:00 
William Nylander         0  0  0  -1  0   0  0  0  0  0  0/1     9:28   0:00   0:00 
Zach Hyman               1  0  1   1  0   3  6  0  0  0  5/9    20:04   0:00   5:51 

3 Stars

1 - Boone Jenner (CBJ)
2 - Kevin Hayes (CBJ)
3 - Nazem Kadri (TOR)

Power Play

Columbus Blue Jackets - 2 on 8 Attempt(s) - 25.00%
Toronto Maple Leafs - 0 on 0 Attempt(s) - 0.00%

Penalty Kill

Columbus Blue Jackets - 0 on 0 Attempt(s) - 0.00% - Score 0 goal in Penalty Kill
Toronto Maple Leafs - 6 on 8 Attempt(s) - 75.00% - Score 0 goal in Penalty Kill

Team Stat

Columbus Blue Jackets - Hits : 26 - Faceoff Wins : 33 - Blocked Shots : 4 - Penalty Minutes : 0
Toronto Maple Leafs - Hits : 38 - Faceoff Wins : 22 - Blocked Shots : 8 - Penalty Minutes : 16

Official

Referees : Dan O'Halloran and Gord Dwyer
Linesman : Mark Shewchyk and Bryan Pancich

Game Notes

Boone Jenner has scored in a empty net!

Finance

Level 1 -- Attendance: 10000 (100.00%) -- Ticket Income fr. 800'000
Level 2 -- Attendance: 1819 (90.95%) -- Ticket Income fr. 118'235
Level 3 -- Attendance: 3500 (100.00%) -- Ticket Income fr. 119'000
Level 4 -- Attendance: 1450 (100.00%) -- Ticket Income fr. 29'000
Luxury Box -- Attendance: 50 (100.00%) -- Ticket Income fr. 10'000
Game was played at the Air Canada Centre.
Total Attendance: 16819 (98.94%)
Total Ticket Income: fr. 1'076'235
Total Income: fr. 1'076'235

Columbus Blue Jackets

5 vs 5 Forward 
   Center                   Left Wing                Right Wing               Time % Phy DF OF 
 1 David Krejci             Jamie Benn               Vinnie Hinostroza        29     0   1  4  
 2 Alexander Wennberg       Artemi Panarin           Kevin Hayes              29     0   1  4  
 3 Antoine Vermette         Boone Jenner             Stefan Noesen            24     0   2  3  
 4 Frederik Gauthier        Lukas Sedlak             Devante Smith-Pelly      18     1   2  2  

5 vs 5 Defense 
   Defense                  Defense                                           Time % Phy DF OF 
 1 Christopher Tanev        Ryan Murray                                       40     0   3  2  
 2 Justin Braun             Markus Nutivaara                                  35     0   3  2  
 3 Tim Heed                 Jack Johnson                                      25     0   5  0  
 4 Jack Johnson             Ryan Murray                                       0      3   1  1  

PowerPlay Forward 
   Center                   Left Wing                Right Wing               Time % Phy DF OF 
 1 David Krejci             Artemi Panarin           Devante Smith-Pelly      50     0   0  5  
 2 Alexander Wennberg       Jamie Benn               Stefan Noesen            50     0   0  5  

PowerPlay Defense
   Defense                  Defense                                           Time % Phy DF OF 
 1 Markus Nutivaara         Justin Braun                                      50     0   2  3  
 2 Ryan Murray              Jack Johnson                                      50     0   2  3  

Penalty Kill 4 Players Forward 
   Center                   Wing                     Time % Phy DF OF 
 1 Frederik Gauthier        Stefan Noesen            50     0   4  1  
 2 Boone Jenner             Devante Smith-Pelly      50     1   3  1  

Penalty Kill 4 Players Defense
   Defense                  Defense                  Time % Phy DF OF 
 1 Christopher Tanev        Ryan Murray              50     1   4  0  
 2 Jack Johnson             Justin Braun             50     1   4  0  

Penalty Kill - 3 Players Forward 
   Forward                                           Time % Phy DF OF 
 1 Antoine Vermette                                  50     1   4  0  
 2 Frederik Gauthier                                 50     1   4  0  

Penalty Kill - 3 Players Defense
   Defense                  Defense                  Time % Phy DF OF 
 1 Jack Johnson             Christopher Tanev        50     0   5  0  
 2 Ryan Murray              Justin Braun             50     0   5  0  

4 vs 4 Forward 
   Center                   Wing                     Time % Phy DF OF 
 1 Antoine Vermette         Lukas Sedlak             50     1   4  0  
 2 Frederik Gauthier        Stefan Noesen            50     1   4  0  

4 vs 4 Defense
   Defense                  Defense                  Time % Phy DF OF 
 1 Justin Braun             Ryan Murray              50     1   4  0  
 2 Christopher Tanev        Jack Johnson             50     1   4  0  

Last Minutes Offensive
   Center                   Left Wing                Right Wing               Defense                  Defense                  
   Jamie Benn               Artemi Panarin           Devante Smith-Pelly      Jack Johnson             Markus Nutivaara         

Last Minutes Defensive
   Center                   Left Wing                Right Wing               Defense                  Defense                  
   Frederik Gauthier        Kevin Hayes              Stefan Noesen            Christopher Tanev        Justin Braun             

Goaltenders
Starting : Sergei Bobrovsky         
Backup : Calvin Pickard           

Extra Forwards
Normal : Boone Jenner, Kevin Hayes, Devante Smith-Pelly - PP : Stefan Noesen, Vinnie Hinostroza - PK : Boone Jenner
Extra Defensemen
Normal : Tim Heed, Christopher Tanev, Ryan Murray - PP : Jack Johnson - PK : Justin Braun, Tim Heed
Penalty Shots
Jamie Benn, Artemi Panarin, Jack Johnson, David Krejci, Antoine Vermette
Custom OT Lines Forwards
Jamie Benn, Artemi Panarin, Antoine Vermette, David Krejci, Boone Jenner, Stefan Noesen, Devante Smith-Pelly, Alexander Wennberg, Kevin Hayes, Frederik Gauthier
Custom OT Lines Defensemen
Jack Johnson, Justin Braun, Tim Heed, Markus Nutivaara, Christopher Tanev

Scratches
Oliver Bjorkstrand (Healthy), Scott Harrington (Healthy), Zac Dalpe (Healthy)

Toronto Maple Leafs

5 vs 5 Forward 
   Center                   Left Wing                Right Wing               Time % Phy DF OF 
 1 Auston Matthews          James van Riemsdyk       Mitchell Marner          35     0   1  4  
 2 Nazem Kadri              Zach Hyman               David Backes             30     1   1  3  
 3 Tyler Bozak              Leo Komarov              William Nylander         20     1   2  2  
 4 Matt Stajan              Brandon Tanev            Connor Brown             15     1   3  1  

5 vs 5 Defense 
   Defense                  Defense                                           Time % Phy DF OF 
 1 Alexander Edler          Morgan Rielly                                     35     0   1  4  
 2 Matt Hunwick             Ron Hainsey                                       30     1   1  3  
 3 Nick Leddy               Patrik Nemeth                                     30     1   3  1  
 4 Alexander Edler          Ron Hainsey                                       5      1   4  0  

PowerPlay Forward 
   Center                   Left Wing                Right Wing               Time % Phy DF OF 
 1 Auston Matthews          Zach Hyman               Mitchell Marner          55     0   0  5  
 2 Nazem Kadri              James van Riemsdyk       William Nylander         45     0   0  5  

PowerPlay Defense
   Defense                  Defense                                           Time % Phy DF OF 
 1 Alexander Edler          Morgan Rielly                                     50     0   1  4  
 2 Tyler Bozak              Nick Leddy                                        50     0   1  4  

Penalty Kill 4 Players Forward 
   Center                   Wing                     Time % Phy DF OF 
 1 Zach Hyman               Brandon Tanev            55     1   4  0  
 2 Auston Matthews          Leo Komarov              45     1   4  0  

Penalty Kill 4 Players Defense
   Defense                  Defense                  Time % Phy DF OF 
 1 Alexander Edler          Patrik Nemeth            55     1   4  0  
 2 Ron Hainsey              Matt Hunwick             45     1   4  0  

Penalty Kill - 3 Players Forward 
   Forward                                           Time % Phy DF OF 
 1 Zach Hyman                                        50     0   5  0  
 2 Auston Matthews                                   50     0   5  0  

Penalty Kill - 3 Players Defense
   Defense                  Defense                  Time % Phy DF OF 
 1 Alexander Edler          Patrik Nemeth            55     0   5  0  
 2 Ron Hainsey              Matt Hunwick             45     0   5  0  

4 vs 4 Forward 
   Center                   Wing                     Time % Phy DF OF 
 1 Auston Matthews          Mitchell Marner          55     0   1  4  
 2 Nazem Kadri              William Nylander         45     0   1  4  

4 vs 4 Defense
   Defense                  Defense                  Time % Phy DF OF 
 1 Alexander Edler          Ron Hainsey              50     0   2  3  
 2 Nick Leddy               Morgan Rielly            50     0   2  3  

Last Minutes Offensive
   Center                   Left Wing                Right Wing               Defense                  Defense                  
   Auston Matthews          Zach Hyman               Mitchell Marner          Morgan Rielly            Nazem Kadri              

Last Minutes Defensive
   Center                   Left Wing                Right Wing               Defense                  Defense                  
   Zach Hyman               Leo Komarov              Brandon Tanev            Alexander Edler          Ron Hainsey              

Goaltenders
Starting : Craig Anderson           
Backup : Michal Neuvirth          

Extra Forwards
Normal : Zach Hyman, David Backes, Auston Matthews - PP : Mitchell Marner, Auston Matthews - PK : Matt Stajan
Extra Defensemen
Normal : Nick Leddy, Alexander Edler, Morgan Rielly - PP : Ron Hainsey - PK : Matt Hunwick, Patrik Nemeth
Penalty Shots
Auston Matthews, William Nylander, Tyler Bozak, Mitchell Marner, James van Riemsdyk
Custom OT Lines Forwards
Auston Matthews, Zach Hyman, Nazem Kadri, Mitchell Marner, William Nylander, James van Riemsdyk, Tyler Bozak, Leo Komarov, David Backes, Connor Brown
Custom OT Lines Defensemen
Alexander Edler, Ron Hainsey, Morgan Rielly, Nick Leddy, Matt Hunwick

Scratches
Dylan DeMelo (Healthy), Nikita Zaitsev (Healthy), Curtis McElhinney (Healthy)

% Time on Ice - Columbus Blue Jackets

Lines # - Real PCT - Wanted PCT - Time Play
Normal Forward
1 - 27% - 29% - 12:52
2 - 30% - 29% - 13:50
3 - 23% - 24% - 10:41
4 - 20% - 18% - 9:28
Normal Defense
1 - 40% - 40% - 18:58
2 - 34% - 35% - 15:52
3 - 26% - 25% - 12:01
4 - 0% - 0% - 0:00
PP Forward
1 - 50% - 50% - 6:03
2 - 50% - 50% - 5:58
PP Defense
1 - 55% - 50% - 6:35
2 - 45% - 50% - 5:26
PK Forward
1 - 0% - 50%
2 - 0% - 50%
PK Defense
1 - 0% - 50%
2 - 0% - 50%
PK3 Forward
1 - 0% - 50%
2 - 0% - 50%
PK3 Defense
1 - 0% - 50%
2 - 0% - 50%
44 Forward
1 - 0% - 50%
2 - 0% - 50%
44 Defense
1 - 0% - 50%
2 - 0% - 50%
Last Minute Offensive  - 0:00
Last Minute Defensive  - 1:08
Total
Forward - 60:00
Defense - 60:00

% Time on Ice - Toronto Maple Leafs

Lines # - Real PCT - Wanted PCT - Time Play
Normal Forward
1 - 35% - 35% - 16:36
2 - 30% - 30% - 14:19
3 - 19% - 20% - 9:16
4 - 16% - 15% - 7:28
Normal Defense
1 - 37% - 35% - 17:44
2 - 30% - 30% - 14:14
3 - 30% - 30% - 14:15
4 - 3% - 5% - 1:26
PP Forward
1 - 0% - 55%
2 - 0% - 45%
PP Defense
1 - 0% - 50%
2 - 0% - 50%
PK Forward
1 - 61% - 55% - 7:17
2 - 39% - 45% - 4:44
PK Defense
1 - 55% - 55% - 6:37
2 - 45% - 45% - 5:24
PK3 Forward
1 - 0% - 50%
2 - 0% - 50%
PK3 Defense
1 - 0% - 55%
2 - 0% - 45%
44 Forward
1 - 0% - 55%
2 - 0% - 45%
44 Defense
1 - 0% - 50%
2 - 0% - 50%
Last Minute Offensive  - 0:20
Last Minute Defensive  - 0:00
Total
Forward - 60:00
Defense - 60:00

Play-by-Play

1st period


0:01 of 1st period - Mitchell Marner wins face-off versus David Krejci in neutral zone.
0:01 of 1st period - Mitchell Marner is hit by Christopher Tanev.
0:37 of 1st period - Snap shot by Artemi Panarin.
0:37 of 1st period - Shot Blocked by Ron Hainsey.
0:39 of 1st period - Slapshot by Christopher Tanev.
0:39 of 1st period - Stopped by Craig Anderson with a rebound.
0:49 of 1st period - Boone Jenner is hit by Matt Hunwick and loses puck.
1:35 of 1st period - David Krejci is hit by Morgan Rielly.
2:19 of 1st period - Minor Penalty to David Backes for Cross-checking.
2:20 of 1st period - Zach Hyman wins face-off versus David Krejci in Toronto Maple Leafs zone.
2:25 of 1st period - Patrik Nemeth is hit by Justin Braun and loses puck.
3:02 of 1st period - Ron Hainsey is hit by Justin Braun and loses puck.
4:14 of 1st period - Matt Stajan is hit by Ryan Murray and loses puck.
4:19 of 1st period - Penalty to David Backes is over, David Backes is back on ice.
4:44 of 1st period - Antoine Vermette is hit by James van Riemsdyk and loses puck.
4:55 of 1st period - Alexander Edler is hit by Lukas Sedlak and loses puck.
5:52 of 1st period - Nick Leddy is hit by Boone Jenner and loses puck.
6:09 of 1st period - Jamie Benn is hit by Mitchell Marner and loses puck.
6:30 of 1st period - Antoine Vermette is hit by Matt Stajan and loses puck.
7:46 of 1st period - Patrik Nemeth is hit by Alexander Wennberg and loses puck.
7:59 of 1st period - Christopher Tanev is hit by Zach Hyman.
8:18 of 1st period - Jamie Benn is hit by Mitchell Marner and loses puck.
8:40 of 1st period - Ryan Murray is hit by Leo Komarov and loses puck.
8:51 of 1st period - Artemi Panarin is hit by Patrik Nemeth and loses puck.
9:13 of 1st period - Nick Leddy is hit by Artemi Panarin and loses puck.
9:22 of 1st period - Wrist shot by Alexander Wennberg.
9:22 of 1st period - Stopped by Craig Anderson without a rebound.
9:23 of 1st period - Auston Matthews wins face-off versus David Krejci in Toronto Maple Leafs zone.
9:28 of 1st period - Justin Braun is hit by James van Riemsdyk and loses puck.
9:51 of 1st period - Matt Hunwick is hit by Antoine Vermette.
10:15 of 1st period - Icing by Ron Hainsey.
10:16 of 1st period - Frederik Gauthier wins face-off versus Nazem Kadri in Toronto Maple Leafs zone.
10:17 of 1st period - Snap shot by Devante Smith-Pelly.
10:17 of 1st period - Stopped by Craig Anderson with a rebound.
10:22 of 1st period - Off-side.
10:23 of 1st period - David Krejci wins face-off versus Auston Matthews in neutral zone.
10:31 of 1st period - Icing by Auston Matthews.
10:32 of 1st period - David Krejci wins face-off versus Auston Matthews in Toronto Maple Leafs zone.
10:49 of 1st period - Slapshot by Jamie Benn.
10:49 of 1st period - Shot Misses the Net.
10:59 of 1st period - Snap shot by Mitchell Marner.
10:59 of 1st period - Deflect By Vinnie Hinostroza.
10:59 of 1st period - Shot Misses the Net.
10:59 of 1st period - Puck is out of play.
11:00 of 1st period - Alexander Wennberg wins face-off versus Tyler Bozak in Columbus Blue Jackets zone.
11:25 of 1st period - Christopher Tanev is hit by David Backes and loses puck.
11:54 of 1st period - Slapshot by Mitchell Marner.
11:54 of 1st period - Shot Misses the Net.
12:14 of 1st period - Wrist shot by Lukas Sedlak.
12:14 of 1st period - Stopped by Craig Anderson with a rebound.
12:16 of 1st period - Snap shot by Frederik Gauthier.
12:16 of 1st period - Shot Misses the Net.
12:18 of 1st period - Snap shot by Tim Heed.
12:18 of 1st period - Shot Blocked by Ron Hainsey.
12:54 of 1st period - Wrist shot by Boone Jenner.
12:54 of 1st period - Stopped by Craig Anderson with a rebound.
12:56 of 1st period - Slapshot by Justin Braun.
12:56 of 1st period - Deflect By Boone Jenner.
12:56 of 1st period - Stopped by Craig Anderson without a rebound.
12:57 of 1st period - Auston Matthews wins face-off versus David Krejci in Toronto Maple Leafs zone.
14:04 of 1st period - Justin Braun is hit by Matt Stajan and loses puck.
14:50 of 1st period - Snap shot by Nazem Kadri.
14:50 of 1st period - Deflect By David Backes.
14:50 of 1st period - Stopped by Sergei Bobrovsky with a rebound.
14:52 of 1st period - Wrist shot by David Backes.
14:52 of 1st period - Stopped by Sergei Bobrovsky without a rebound.
14:53 of 1st period - Auston Matthews wins face-off versus Alexander Wennberg in Columbus Blue Jackets zone.
15:00 of 1st period - Slapshot by Mitchell Marner.
15:00 of 1st period - Stopped by Sergei Bobrovsky without a rebound.
15:01 of 1st period - Alexander Wennberg wins face-off versus Auston Matthews in Columbus Blue Jackets zone.
15:08 of 1st period - Wrist shot by Auston Matthews.
15:08 of 1st period - Stopped by Sergei Bobrovsky with a rebound.
15:28 of 1st period - Snap shot by Boone Jenner.
15:28 of 1st period - Shot Misses the Net.
15:36 of 1st period - Alexander Edler is hit by Antoine Vermette and loses puck.
16:35 of 1st period - Snap shot by Artemi Panarin.
16:35 of 1st period - Stopped by Craig Anderson with a rebound.
18:37 of 1st period - Wrist shot by Stefan Noesen.
18:37 of 1st period - Stopped by Craig Anderson without a rebound.
18:38 of 1st period - Nazem Kadri wins face-off versus Antoine Vermette in Toronto Maple Leafs zone.
18:52 of 1st period - Snap shot by Zach Hyman.
18:52 of 1st period - Shot Misses the Net.
19:09 of 1st period - David Krejci is hit by Zach Hyman.
19:53 of 1st period - Jack Johnson is hit by Tyler Bozak and loses puck.
Goals for this period are 0 for Columbus Blue Jackets vs 0 for Toronto Maple Leafs.
Shots for this period are 8 for Columbus Blue Jackets vs 4 for Toronto Maple Leafs.

2nd period


0:01 of 2nd period - Auston Matthews wins face-off versus Kevin Hayes in neutral zone.
1:10 of 2nd period - Wrist shot by Zach Hyman.
1:10 of 2nd period - Stopped by Sergei Bobrovsky without a rebound.
1:11 of 2nd period - Tyler Bozak wins face-off versus Frederik Gauthier in Columbus Blue Jackets zone.
1:12 of 2nd period - Wrist shot by William Nylander.
1:12 of 2nd period - Shot Misses the Net.
1:18 of 2nd period - Leo Komarov is hit by Tim Heed and loses puck.
1:35 of 2nd period - Zach Hyman is hit by Alexander Wennberg and loses puck.
1:56 of 2nd period - Wrist shot by Jamie Benn.
1:56 of 2nd period - Shot Misses the Net.
2:04 of 2nd period - Wrist shot by Connor Brown.
2:04 of 2nd period - Stopped by Sergei Bobrovsky with a rebound.
2:34 of 2nd period - Christopher Tanev is hit by Nazem Kadri and loses puck.
2:39 of 2nd period - Snap shot by Zach Hyman.
2:39 of 2nd period - Deflect By Nazem Kadri.
2:39 of 2nd period - Shot Misses the Net.
2:39 of 2nd period - Puck is out of play.
2:40 of 2nd period - Alexander Wennberg wins face-off versus Nazem Kadri in Columbus Blue Jackets zone.
2:40 of 2nd period - Alexander Wennberg is hit by Zach Hyman.
3:02 of 2nd period - Nazem Kadri is hit by Tim Heed.
3:12 of 2nd period - Snap shot by David Krejci.
3:12 of 2nd period - Shot Misses the Net.
3:22 of 2nd period - Slapshot by Nazem Kadri.
3:22 of 2nd period - Shot Misses the Net.
3:24 of 2nd period - Snap shot by Zach Hyman.
3:24 of 2nd period - Deflect By Nazem Kadri.
3:24 of 2nd period - Shot Blocked by Tim Heed.
3:24 of 2nd period - Puck is out of play.
3:25 of 2nd period - Auston Matthews wins face-off versus Antoine Vermette in Columbus Blue Jackets zone.
3:34 of 2nd period - Slapshot by Stefan Noesen.
3:34 of 2nd period - Stopped by Craig Anderson with a rebound.
4:01 of 2nd period - Slapshot by Alexander Wennberg.
4:01 of 2nd period - Stopped by Craig Anderson with a rebound.
4:07 of 2nd period - Markus Nutivaara is hit by Tyler Bozak and loses puck.
4:15 of 2nd period - Minor Penalty to Alexander Edler for Diving.
4:16 of 2nd period - David Krejci wins face-off versus Zach Hyman in Toronto Maple Leafs zone.
4:44 of 2nd period - Slapshot by Justin Braun.
4:44 of 2nd period - Shot Blocked by Leo Komarov.
4:46 of 2nd period - Slapshot by Justin Braun.
4:46 of 2nd period - Shot Blocked by Ron Hainsey.
4:48 of 2nd period - Wrist shot by Jamie Benn.
4:48 of 2nd period - Shot Misses the Net.
4:52 of 2nd period - Wrist shot by Alexander Wennberg.
4:52 of 2nd period - Shot Blocked by Matt Hunwick.
5:22 of 2nd period - Patrik Nemeth is hit by Devante Smith-Pelly and loses puck.
6:15 of 2nd period - Penalty to Alexander Edler is over, Alexander Edler is back on ice.
7:28 of 2nd period - Icing by James van Riemsdyk.
7:29 of 2nd period - Alexander Wennberg wins face-off versus Nazem Kadri in Toronto Maple Leafs zone.
7:36 of 2nd period - Alexander Wennberg is hit by Nazem Kadri and loses puck.
7:57 of 2nd period - Icing by Tyler Bozak.
7:58 of 2nd period - Frederik Gauthier wins face-off versus Tyler Bozak in Toronto Maple Leafs zone.
8:09 of 2nd period - Markus Nutivaara is hit by Matt Hunwick.
8:34 of 2nd period - Frederik Gauthier is hit by Tyler Bozak and loses puck.
8:41 of 2nd period - Slapshot by Tyler Bozak.
8:41 of 2nd period - Stopped by Sergei Bobrovsky without a rebound.
8:42 of 2nd period - Auston Matthews wins face-off versus David Krejci in Columbus Blue Jackets zone.
8:45 of 2nd period - Snap shot by Auston Matthews.
8:45 of 2nd period - Stopped by Sergei Bobrovsky without a rebound.
8:46 of 2nd period - David Krejci wins face-off versus James van Riemsdyk in Columbus Blue Jackets zone.
9:01 of 2nd period - Alexander Edler is hit by Markus Nutivaara and loses puck.
9:38 of 2nd period - Slapshot by Devante Smith-Pelly.
9:38 of 2nd period - Stopped by Craig Anderson without a rebound.
9:39 of 2nd period - Auston Matthews wins face-off versus Frederik Gauthier in Toronto Maple Leafs zone.
9:41 of 2nd period - Minor Penalty to James van Riemsdyk for Holding Stick.
9:42 of 2nd period - David Krejci wins face-off versus Zach Hyman in Toronto Maple Leafs zone.
9:44 of 2nd period - Wrist shot by David Krejci.
9:44 of 2nd period - Goal by David Krejci - Columbus Blue Jackets : 1 - Toronto Maple Leafs : 0.
9:45 of 2nd period - David Krejci wins face-off versus Auston Matthews in neutral zone.
10:10 of 2nd period - Patrik Nemeth is hit by Artemi Panarin and loses puck.
11:15 of 2nd period - Tim Heed is hit by Mitchell Marner and loses puck.
11:32 of 2nd period - Nazem Kadri is hit by Jack Johnson and loses puck.
12:21 of 2nd period - Ryan Murray is hit by Patrik Nemeth.
12:37 of 2nd period - Zach Hyman is hit by Vinnie Hinostroza and loses puck.
13:18 of 2nd period - Morgan Rielly is hit by Stefan Noesen and loses puck.
14:11 of 2nd period - Tyler Bozak is hit by Artemi Panarin and loses puck.
14:31 of 2nd period - Wrist shot by Boone Jenner.
14:31 of 2nd period - Goal by Boone Jenner - Columbus Blue Jackets : 2 - Toronto Maple Leafs : 0.
14:32 of 2nd period - David Krejci wins face-off versus Auston Matthews in neutral zone.
14:35 of 2nd period - Snap shot by Ryan Murray.
14:35 of 2nd period - Deflect By Jamie Benn.
14:35 of 2nd period - Shot Misses the Net.
14:35 of 2nd period - Puck is out of play.
14:36 of 2nd period - David Krejci wins face-off versus Auston Matthews in Toronto Maple Leafs zone.
14:47 of 2nd period - Snap shot by Jamie Benn.
14:47 of 2nd period - Shot Misses the Net.
14:55 of 2nd period - Vinnie Hinostroza is hit by Auston Matthews and loses puck.
15:02 of 2nd period - Slapshot by Mitchell Marner.
15:02 of 2nd period - Stopped by Sergei Bobrovsky with a rebound.
15:04 of 2nd period - Wrist shot by Patrik Nemeth.
15:04 of 2nd period - Stopped by Sergei Bobrovsky with a rebound.
15:06 of 2nd period - Slapshot by Auston Matthews.
15:06 of 2nd period - Stopped by Sergei Bobrovsky with a rebound.
15:08 of 2nd period - Slapshot by Nick Leddy.
15:08 of 2nd period - Deflect By Auston Matthews.
15:08 of 2nd period - Stopped by Sergei Bobrovsky without a rebound.
15:09 of 2nd period - Alexander Wennberg wins face-off versus Nazem Kadri in Columbus Blue Jackets zone.
15:16 of 2nd period - Backhand shot by Zach Hyman.
15:16 of 2nd period - Shot Misses the Net.
15:18 of 2nd period - Slapshot by Alexander Edler.
15:18 of 2nd period - Stopped by Sergei Bobrovsky without a rebound.
15:19 of 2nd period - Nazem Kadri wins face-off versus Alexander Wennberg in Columbus Blue Jackets zone.
15:22 of 2nd period - Wrist shot by Zach Hyman.
15:22 of 2nd period - Shot Misses the Net.
15:24 of 2nd period - Slapshot by Morgan Rielly.
15:24 of 2nd period - Stopped by Sergei Bobrovsky without a rebound.
15:25 of 2nd period - Auston Matthews wins face-off versus Antoine Vermette in Columbus Blue Jackets zone.
15:36 of 2nd period - Matt Hunwick is hit by Boone Jenner and loses puck.
15:54 of 2nd period - Snap shot by Artemi Panarin.
15:54 of 2nd period - Stopped by Craig Anderson with a rebound.
15:56 of 2nd period - Slapshot by Christopher Tanev.
15:56 of 2nd period - Shot Blocked by Nazem Kadri.
16:00 of 2nd period - Wrist shot by Kevin Hayes.
16:00 of 2nd period - Stopped by Craig Anderson without a rebound.
16:01 of 2nd period - David Krejci wins face-off versus Auston Matthews in Toronto Maple Leafs zone.
16:09 of 2nd period - Minor Penalty to Mitchell Marner for Tripping.
16:10 of 2nd period - Zach Hyman wins face-off versus David Krejci in Toronto Maple Leafs zone.
16:46 of 2nd period - Slapshot by Alexander Wennberg.
16:46 of 2nd period - Shot Misses the Net.
18:09 of 2nd period - Penalty to Mitchell Marner is over, Mitchell Marner is back on ice.
18:33 of 2nd period - Snap shot by Kevin Hayes.
18:33 of 2nd period - Shot Misses the Net.
19:32 of 2nd period - Justin Braun is hit by Zach Hyman and loses puck.
19:40 of 2nd period - Icing by Markus Nutivaara.
19:41 of 2nd period - Frederik Gauthier wins face-off versus Auston Matthews in Columbus Blue Jackets zone.
19:49 of 2nd period - Icing by Boone Jenner.
19:50 of 2nd period - Antoine Vermette wins face-off versus Auston Matthews in Columbus Blue Jackets zone.
19:50 of 2nd period - Antoine Vermette is hit by James van Riemsdyk.
19:58 of 2nd period - Morgan Rielly is hit by Antoine Vermette.
Goals for this period are 2 for Columbus Blue Jackets vs 0 for Toronto Maple Leafs.
Shots for this period are 7 for Columbus Blue Jackets vs 10 for Toronto Maple Leafs.

3rd period


0:01 of 3rd period - Alexander Wennberg wins face-off versus Auston Matthews in neutral zone.
0:55 of 3rd period - Snap shot by Connor Brown.
0:55 of 3rd period - Shot Blocked by Tim Heed.
1:05 of 3rd period - Snap shot by Devante Smith-Pelly.
1:05 of 3rd period - Shot Misses the Net.
1:27 of 3rd period - Snap shot by Mitchell Marner.
1:27 of 3rd period - Stopped by Sergei Bobrovsky without a rebound.
1:28 of 3rd period - Auston Matthews wins face-off versus Alexander Wennberg in Columbus Blue Jackets zone.
1:29 of 3rd period - Snap shot by James van Riemsdyk.
1:29 of 3rd period - Deflect By Mitchell Marner.
1:29 of 3rd period - Shot Blocked by Christopher Tanev.
1:29 of 3rd period - Puck is out of play.
1:30 of 3rd period - Alexander Wennberg wins face-off versus Auston Matthews in Columbus Blue Jackets zone.
1:30 of 3rd period - Alexander Wennberg is hit by Auston Matthews.
1:51 of 3rd period - Snap shot by Alexander Wennberg.
1:51 of 3rd period - Shot Misses the Net.
1:53 of 3rd period - Snap shot by Kevin Hayes.
1:53 of 3rd period - Stopped by Craig Anderson without a rebound.
1:54 of 3rd period - David Krejci wins face-off versus Nazem Kadri in Toronto Maple Leafs zone.
2:29 of 3rd period - Devante Smith-Pelly is hit by Zach Hyman and loses puck.
2:36 of 3rd period - Snap shot by Nazem Kadri.
2:36 of 3rd period - Shot Misses the Net.
2:38 of 3rd period - Wrist shot by David Backes.
2:38 of 3rd period - Shot Misses the Net.
2:40 of 3rd period - Wrist shot by Nazem Kadri.
2:40 of 3rd period - Stopped by Sergei Bobrovsky with a rebound.
2:44 of 3rd period - Snap shot by Nazem Kadri.
2:44 of 3rd period - Goal by Nazem Kadri - Columbus Blue Jackets : 2 - Toronto Maple Leafs : 1.
2:45 of 3rd period - James van Riemsdyk wins face-off versus David Krejci in neutral zone.
2:50 of 3rd period - Snap shot by Auston Matthews.
2:50 of 3rd period - Goal by Auston Matthews - Columbus Blue Jackets : 2 - Toronto Maple Leafs : 2.
2:51 of 3rd period - David Krejci wins face-off versus Auston Matthews in neutral zone.
3:39 of 3rd period - Backhand shot by Alexander Wennberg.
3:39 of 3rd period - Deflect By Artemi Panarin.
3:39 of 3rd period - Shot Blocked by Matt Hunwick.
3:39 of 3rd period - Puck is out of play.
3:40 of 3rd period - Alexander Wennberg wins face-off versus Matt Stajan in Toronto Maple Leafs zone.
3:53 of 3rd period - Snap shot by Artemi Panarin.
3:53 of 3rd period - Stopped by Craig Anderson with a rebound.
3:55 of 3rd period - Slapshot by Markus Nutivaara.
3:55 of 3rd period - Stopped by Craig Anderson without a rebound.
3:56 of 3rd period - David Krejci wins face-off versus Auston Matthews in Toronto Maple Leafs zone.
4:09 of 3rd period - Slapshot by Auston Matthews.
4:09 of 3rd period - Shot Misses the Net.
4:11 of 3rd period - Slapshot by Morgan Rielly.
4:11 of 3rd period - Stopped by Sergei Bobrovsky with a rebound.
4:21 of 3rd period - Snap shot by Zach Hyman.
4:21 of 3rd period - Stopped by Sergei Bobrovsky without a rebound.
4:22 of 3rd period - Alexander Wennberg wins face-off versus Nazem Kadri in Columbus Blue Jackets zone.
4:57 of 3rd period - Wrist shot by Auston Matthews.
4:57 of 3rd period - Stopped by Sergei Bobrovsky with a rebound.
5:09 of 3rd period - Markus Nutivaara is hit by Brandon Tanev and loses puck.
5:27 of 3rd period - Minor Penalty to Tyler Bozak for High sticking.
5:28 of 3rd period - Zach Hyman wins face-off versus Devante Smith-Pelly in Toronto Maple Leafs zone.
5:54 of 3rd period - Alexander Wennberg is hit by Alexander Edler and loses puck.
6:03 of 3rd period - Slapshot by Alexander Wennberg.
6:03 of 3rd period - Shot Misses the Net.
6:20 of 3rd period - Icing by Ryan Murray.
6:21 of 3rd period - Zach Hyman wins face-off versus Alexander Wennberg in Columbus Blue Jackets zone.
7:27 of 3rd period - Penalty to Tyler Bozak is over, Tyler Bozak is back on ice.
7:33 of 3rd period - Auston Matthews is hit by Boone Jenner and loses puck.
7:40 of 3rd period - Minor Penalty to Alexander Edler for Unsportsmanlike conduct.
7:41 of 3rd period - Alexander Wennberg wins face-off versus Zach Hyman in Toronto Maple Leafs zone.
7:44 of 3rd period - Slapshot by Jamie Benn.
7:44 of 3rd period - Goal by Jamie Benn - Columbus Blue Jackets : 3 - Toronto Maple Leafs : 2.
7:45 of 3rd period - Alexander Wennberg wins face-off versus Auston Matthews in neutral zone.
7:58 of 3rd period - Slapshot by Artemi Panarin.
7:58 of 3rd period - Shot Blocked by Nick Leddy.
8:00 of 3rd period - Slapshot by Ryan Murray.
8:00 of 3rd period - Shot Misses the Net.
8:07 of 3rd period - Icing by Nick Leddy.
8:08 of 3rd period - David Krejci wins face-off versus Nazem Kadri in Toronto Maple Leafs zone.
8:17 of 3rd period - Snap shot by Zach Hyman.
8:17 of 3rd period - Shot Misses the Net.
8:19 of 3rd period - Snap shot by Zach Hyman.
8:19 of 3rd period - Goal by Zach Hyman - Columbus Blue Jackets : 3 - Toronto Maple Leafs : 3.
8:20 of 3rd period - Alexander Wennberg wins face-off versus Auston Matthews in neutral zone.
8:20 of 3rd period - Artemi Panarin is hit by Auston Matthews and loses puck.
8:25 of 3rd period - Wrist shot by Artemi Panarin.
8:25 of 3rd period - Shot Misses the Net.
8:41 of 3rd period - Alexander Wennberg is hit by Mitchell Marner and loses puck.
8:52 of 3rd period - Snap shot by Artemi Panarin.
8:52 of 3rd period - Stopped by Craig Anderson with a rebound.
8:54 of 3rd period - Wrist shot by Kevin Hayes.
8:54 of 3rd period - Stopped by Craig Anderson with a rebound.
8:56 of 3rd period - Slapshot by Christopher Tanev.
8:56 of 3rd period - Deflect By Alexander Wennberg.
8:56 of 3rd period - Stopped by Craig Anderson with a rebound.
8:58 of 3rd period - Snap shot by Kevin Hayes.
8:58 of 3rd period - Shot Misses the Net.
9:00 of 3rd period - Slapshot by Alexander Wennberg.
9:00 of 3rd period - Stopped by Craig Anderson with a rebound.
9:02 of 3rd period - Wrist shot by Alexander Wennberg.
9:02 of 3rd period - Stopped by Craig Anderson with a rebound.
9:04 of 3rd period - Snap shot by Kevin Hayes.
9:04 of 3rd period - Goal by Kevin Hayes - Columbus Blue Jackets : 4 - Toronto Maple Leafs : 3.
9:05 of 3rd period - David Krejci wins face-off versus Nazem Kadri in neutral zone.
9:11 of 3rd period - Minor Penalty to David Backes for Charging.
9:12 of 3rd period - Alexander Wennberg wins face-off versus Zach Hyman in Toronto Maple Leafs zone.
9:57 of 3rd period - Stefan Noesen is hit by Brandon Tanev and loses puck.
11:11 of 3rd period - Penalty to David Backes is over, David Backes is back on ice.
11:30 of 3rd period - Snap shot by David Backes.
11:30 of 3rd period - Shot Misses the Net.
12:13 of 3rd period - David Krejci is hit by Leo Komarov and loses puck.
13:17 of 3rd period - Vinnie Hinostroza is hit by Zach Hyman and loses puck.
13:36 of 3rd period - Morgan Rielly is hit by Antoine Vermette and loses puck.
13:55 of 3rd period - Alexander Wennberg is hit by Brandon Tanev and loses puck.
14:12 of 3rd period - Devante Smith-Pelly is hit by Ron Hainsey and loses puck.
14:27 of 3rd period - Boone Jenner is hit by Patrik Nemeth and loses puck.
14:38 of 3rd period - Tim Heed is hit by David Backes and loses puck.
15:51 of 3rd period - Icing by Nick Leddy.
15:52 of 3rd period - Matt Stajan wins face-off versus Boone Jenner in Toronto Maple Leafs zone.
16:43 of 3rd period - Minor Penalty to James van Riemsdyk for Hooking.
16:44 of 3rd period - Zach Hyman wins face-off versus Alexander Wennberg in Toronto Maple Leafs zone.
16:44 of 3rd period - Zach Hyman is hit by Stefan Noesen.
18:43 of 3rd period - Penalty to James van Riemsdyk is over, James van Riemsdyk is back on ice.
19:01 of 3rd period - James van Riemsdyk is hit by Boone Jenner and loses puck.
19:06 of 3rd period - Snap shot by Kevin Hayes.
19:06 of 3rd period - Stopped by Craig Anderson with a rebound.
19:08 of 3rd period - Snap shot by Kevin Hayes.
19:08 of 3rd period - Stopped by Craig Anderson with a rebound.
19:30 of 3rd period - Snap shot by Kevin Hayes.
19:30 of 3rd period - Stopped by Craig Anderson with a rebound.
19:32 of 3rd period - Slapshot by Justin Braun.
19:32 of 3rd period - Stopped by Craig Anderson without a rebound.
19:33 of 3rd period - Mike Babcock call a timeout for Toronto Maple Leafs.
19:33 of 3rd period - Auston Matthews wins face-off versus Frederik Gauthier in Toronto Maple Leafs zone.
19:42 of 3rd period - Toronto Maple Leafs, Craig Anderson is pulled from the net.
19:42 of 3rd period - Snap shot by Auston Matthews.
19:42 of 3rd period - Shot Blocked by Tim Heed.
19:44 of 3rd period - Snap shot by Auston Matthews.
19:44 of 3rd period - Deflect By Zach Hyman.
19:44 of 3rd period - Shot Misses the Net.
19:44 of 3rd period - Puck is out of play.
19:45 of 3rd period - Frederik Gauthier wins face-off versus Auston Matthews in Columbus Blue Jackets zone.
19:52 of 3rd period - Snap shot by Boone Jenner.
19:52 of 3rd period - Goal by Boone Jenner - Columbus Blue Jackets : 5 - Toronto Maple Leafs : 3.
19:52 of 3rd period - Craig Anderson from Toronto Maple Leafs was sent back in the game.
19:53 of 3rd period - Tyler Bozak wins face-off versus Antoine Vermette in neutral zone.
19:56 of 3rd period - Slapshot by Leo Komarov.
19:56 of 3rd period - Stopped by Sergei Bobrovsky with a rebound.
19:58 of 3rd period - Slapshot by Patrik Nemeth.
19:58 of 3rd period - Stopped by Sergei Bobrovsky without a rebound.
19:59 of 3rd period - Antoine Vermette wins face-off versus William Nylander in Columbus Blue Jackets zone.
Goals for this period are 3 for Columbus Blue Jackets vs 3 for Toronto Maple Leafs.
Shots for this period are 15 for Columbus Blue Jackets vs 10 for Toronto Maple Leafs.